 Dungeon Crawl Stone Soup version 0.30.0-29-ga12c61a403 (webtiles) character file.

Game seed: 7097001648668774662

311 LustLizard the Gusty (level 6, -2/35 HPs)
             Began as a Deep Elf Air Elementalist on June 21, 2023.
             Slain by Pargi (4 damage)
             ... in a sewer.
             The game lasted 00:08:00 (3215 turns).

LustLizard the Gusty (Deep Elf Air Elementalist)    Turns: 3215, Time: 00:08:00

Health: -2/35      AC:  3    Str:  7    XL:     6   Next: 18%
Magic:  6/14       EV: 12    Int: 20    God:
Gold:   133        SH:  0    Dex: 15    Spells: 7/13 levels left

rFire   . . .        j - +0 dagger
rCold   . . .        (no shield)
rNeg    . . .        a - +0 robe
rPois   .            (no helmet)
rElec   .            (no cloak)
rCorr   .            o - +0 pair of gloves
SInv    .            (no boots)
Will    +....        m - amulet of magic regeneration
Stlth   +++          i - ring of wizardry
HPRegen 0.25/turn    y - ring of willpower
MPRegen 0.54/turn

%: wizardry (x1)
@: no status effects
A: no striking features
a: no special abilities


You were in a sewer.
You visited 1 branch of the dungeon, and saw 4 of its levels.
You also visited: Sewer.

You collected 133 gold pieces.

Inventory:

Hand Weapons
 j - a +0 dagger (weapon)
Armour
 a - a +0 robe (worn)
 o - a +0 pair of gloves (worn)
Magical Staves
 q - a staff of poison
Jewellery
 e - an amulet of guardian spirit
 i - a ring of wizardry (left hand)
 m - an amulet of magic regeneration (around neck)
 n - an amulet of reflection
 y - a ring of willpower (right hand)
Scrolls
 f - 3 scrolls of identify
 l - 2 scrolls of enchant weapon {unknown}
 s - a scroll of noise {unknown}
 t - a scroll of fear {unknown}
 u - a scroll of poison {unknown}
Potions
 b - a potion of magic
 c - a potion of cancellation {unknown}
 d - 2 potions of brilliance {unknown}
 g - a potion of heal wounds {unknown}
 h - 3 potions of curing
 k - 7 potions of mutation
 p - a potion of experience {unknown}
 r - a potion of attraction {unknown}
 v - a potion of resistance {unknown}
 w - a potion of invisibility {unknown}
 x - 3 potions of might


   Skills:
 + Level 1.8 Fighting
 - Level 2.4 Dodging
 - Level 4.0 Stealth
 + Level 4.2 Spellcasting
 - Level 3.1 Conjurations
 * Level 4.7 Air Magic


You had 7 spell levels left.
You knew the following spells:

 Your Spells              Type           Power      Damage    Failure   Level
a - Shock                 Conj/Air       76%        1d7       1%          1
b - Static Discharge      Conj/Air       38%        2-4/arc   1%          2
c - Swiftness             Air            23%        N/A       2%          3

Your spell library contained the following spells:

 Spells                   Type           Power      Damage    Failure   Level
 Apportation              Tloc           8%         N/A       5%          1
 Necrotise                Necr           16%        1d4       5%          1
 Summon Small Mammal      Summ           16%        N/A       5%          1
 Vhi's Electric Charge    Tloc/Air       26%        N/A       6%          3
 Airstrike                Air            11%        2d(2-18)  8%          4
 Dazzling Flash           Conj/Hex       20%        N/A       9%          3
 Arcjolt                  Conj/Air       9%         1d19      26%         5
 Silence                  Hex/Air        6%         N/A       45%         5
 Agony                    Necr           4%         N/A       77%         5
 Plasma Beam              Fire/Air       6%         2x1d18    94%         6


Dungeon Overview and Level Annotations

Branches:
Dungeon (4/15)              Sewer (1/1)
 Temple: D:4-7

Altars:
Nemelex Xobeh
Okawaru
Ru

Annotations:
D:3 exclusion: ogre
D:4 Eustachio Sewer Pargi


Message History

Unknown command.
Casting: Static Discharge (safe; 1% risk of failure)
Confirm with . or Enter, or press ? or * to list all spells.
Pargi is struck by an arc of lightning.
Pargi is heavily wounded.
You are struck by an arc of lightning.
Pargi is struck by an arc of lightning.
Pargi is heavily wounded.
You are struck by an arc of lightning.
The lightning grounds out.
Pargi closely misses you. Pargi claws you but does no damage. Pargi claws you.
Aiming: Shock (safe; 1% risk of failure)
Press: ? - help, Q - select action, (/) - cycle Shift-Dir - straight line, f/p - Pargi
Aim: Pargi (heavily wounded, 64% to hit)
The zap misses Pargi.
Pargi barely misses you. Pargi closely misses you. Pargi claws you.
Unknown command.
Aiming: Shock (safe; 1% risk of failure)
Press: ? - help, Q - select action, (/) - cycle Shift-Dir - straight line, f/p - Pargi
Aim: Pargi (heavily wounded, 64% to hit)
The zap hits Pargi.
Pargi is severely wounded.
Pargi completely misses you. Pargi claws you but does no damage. x2
Aiming: Shock (safe; 1% risk of failure)
Press: ? - help, Q - select action, (/) - cycle Shift-Dir - straight line, f/p - Pargi
Aim: Pargi (severely wounded, 64% to hit)
The zap hits Pargi.
Pargi is severely wounded.
Pargi bites you.
* * * LOW HITPOINT WARNING * * *
Pargi claws you.
* * * LOW HITPOINT WARNING * * *
Pargi claws you but does no damage.
Aiming: Shock (safe; 1% risk of failure)
Press: ? - help, Q - select action, (/) - cycle Shift-Dir - straight line, f/p - Pargi
Aim: Pargi (severely wounded, 64% to hit)
The zap hits Pargi.
Pargi is almost dead.
Pargi bites you.
* * * LOW HITPOINT WARNING * * *
Pargi claws you.
You die...

+.~≈~.+
#.~≈~.#
#.~≈~.#
+.~≈~.+
#.~≈~.#
####.~≈~.#
#?.T.~≈~.+
#@~≈~.#
####.~≈~.####
#.)'..∩....∩#
####.~≈~.####
#.~≈~.#
+.~≈~.+
#.~≈~.#
#.~≈~.#
+.~≈~.+


You could see Pargi.

Vanquished Creatures
  A phantom (D:4)
  Natasha (thrice) (D:2)
  A river rat (D:4)
  5 adders
  3 worms
  2 dart slugs
  17 ball pythons
  5 bats
  4 endoplasms
  6 giant cockroaches
  10 goblins
  11 hobgoblins
  3 quokkas
  5 frilled lizards
  11 kobolds
  6 rats
93 creatures vanquished.

Notes
Turn   | Place    | Note
-------+----------+-------------------------------------------
     0 | D:1      | LustLizard the Deep Elf Air Elementalist began the quest
                  | for the Orb.
     0 | D:1      | Reached XP level 1. HP: 10/10 MP: 6/6
   369 | D:1      | Reached XP level 2. HP: 15/15 MP: 4/8
   483 | D:1      | Learned a level 2 spell: Static Discharge
  1123 | D:2      | Reached XP level 3. HP: 17/20 MP: 4/9
  1292 | D:2      | Learned a level 3 spell: Swiftness
  1312 | D:2      | Noticed Natasha
  1316 | D:2      | Killed Natasha
  1387 | D:2      | Reached XP level 4. HP: 24/24 MP: 9/11
  1602 | D:2      | Reached skill level 1 in Fighting
  1880 | D:2      | Noticed Natasha
  1886 | D:2      | Killed Natasha
  1988 | D:2      | Noticed Natasha
  1997 | D:2      | Killed Natasha
  1998 | D:2      | Reached XP level 5. HP: 5/29 MP: 4/12
  2460 | D:3      | Noticed an ogre
  2575 | D:3      | Found an iron altar of Okawaru.
  2678 | D:3      | Found a sparkling altar of Nemelex Xobeh.
  2850 | D:4      | Found a sacrificial altar of Ru.
  2974 | D:4      | Noticed a phantom
  3035 | D:4      | Killed a phantom
  3036 | D:4      | Reached XP level 6. HP: 4/35 MP: 3/14
  3103 | D:4      | Found a glowing drain.
  3112 | D:4      | Noticed Eustachio
  3198 | Sewer    | Entered a sewer
  3206 | Sewer    | Noticed Pargi
  3215 | Sewer    | Slain by Pargi

Illustrated notes

Levels and vault maps discovered:
D:1:      dpeg_arrival_arbitrary_c, layout_loops_ring
D:2:      layout_loops_ring, uniq_natasha
D:3:      layout_basic, lemuel_round_altar, gammafunk_temple_overflow_pools,
          nemelex_xobeh_ov_fountains_minmay, chequers_serial_rivers_marsh,
          minmay_fractal_squares_diagonal_5
D:4:      minmay_octagon_keep, layout_cave_pools, old_standard_altar,
          cheibrodos_sewer_entry_sluice, uniq_eustachio
Sewer:    kennysheep_door_sewer

Skill      XL: |  1  2  3  4  5 |
---------------+----------------+-----
Conjurations   | 2 3 |  3.1
Stealth        | 3 4 |  4.0
Fighting       | 1 |  1.8
Air Magic      | 4 |  4.7
Spellcasting   | 4 |  4.2
Dodging        | |  2.4

Action                     |  1- 3 |  4- 6 || total
---------------------------+-------+-------++-------
   Cast: Shock             |    65 |   143 ||   208
         Static Discharge  |     4 |    14 ||    18
    Use: Scroll            |     1 |     2 ||     3
 Armour: Robe              |     6 |     6 ||    12
  Dodge: Dodged            |     8 |    13 ||    21
